Map: [ESL] Altitude

Players

Cyan

  • Race: Protoss Protoss
  • Spawn Location: 1:00

Oliveira - Winner!

  • Race: Terran Terran
  • Spawn Location: 7:00

Event: ESL SC2 Masters 2023 Summer (Regionals)

VOD

Have the link to the VOD?

Description

Time

  • Played on: May 21, 2023, 8:18 a.m.
  • Length: 9:47

All games in this series

Show
View Real Time Build Order
Export as new Build Order

Cyan Protoss 

Build Orders: 1 Gate Expand, Phoenix Opening, Colossus Rush 

Get SALT Encoding   

  12  0:00  Probe  
  13  0:12  Probe  
  14  0:18  Pylon  
  14  0:24  Probe  
  15  0:36  Probe (Chrono Boost), Gateway  
  16  0:46  Probe (Chrono Boost), Assimilator  
  17  0:51  Probe (Chrono Boost)  
  18  1:03  Probe  
  19  1:15  Probe  
  20  1:25  Nexus  
  20  1:32  Cybernetics Core  
  20  1:35  Probe  
  21  1:40  Assimilator  
  21  1:47  Probe  
  21  1:52  Pylon  
  22  1:59  Probe  
  23  2:07  Adept (Chrono Boost)  
  23  2:11  Probe  
  25  2:17  Stargate  
  25  2:23  Warp Gate  
  25  2:24  Probe (Chrono Boost)  
  25  2:29  Adept  
  26  2:35  Probe (Chrono Boost)  
  30  2:38  Probe (Chrono Boost)  
  31  2:45  Probe (Chrono Boost)  
  31  2:46  Probe (Chrono Boost)  
  31  2:51  Probe (Chrono Boost)  
  32  2:52  Probe  
  34  3:01  Adept  
  34  3:02  Phoenix  
  34  3:05  Probe (Chrono Boost)  
  40  3:06  Probe (Chrono Boost)  
  40  3:11  Pylon  
  40  3:17  Probe (Chrono Boost)  
  42  3:21  Probe (Chrono Boost)  
  42  3:22  Probe (Chrono Boost)  
  43  3:27  Phoenix  
  43  3:28  Probe  
  43  3:33  Probe, Robotics Facility  
  47  3:38  Assimilator  
  47  3:40  Probe  
  48  3:42  Pylon  
  48  3:45  Probe  
  49  3:51  Gateway  
  49  3:52  Probe  
  50  3:57  Probe  
  50  4:00  Phoenix  
  53  4:04  Probe  
  53  4:06  Pylon  
  53  4:09  Probe  
  55  4:16  Probe  
  56  4:21  Observer  
  56  4:22  Nexus  
  57  4:24  Probe  
  57  4:29  Robotics Bay  
  57  4:31  Probe  
  59  4:36  Assimilator  
  59  4:38  Probe  
  60  4:43  Immortal (Chrono Boost)  
  60  4:45  Probe  
  65  4:49  Phoenix  
  65  4:52  Probe  
  68  4:59  Probe  
  69  5:00  Pylon  
  69  5:02  Twilight Council  
  69  5:04  Probe  
  70  5:16  Colossus (Chrono Boost)  
  70  5:18  Probe x2 (Chrono Boost), Pylon  
  78  5:26  Gateway  
  78  5:29  Shield Battery  
  78  5:33  Pylon  
  78  5:35  Probe (Chrono Boost)  
  79  5:38  Probe (Chrono Boost)  
  79  5:39  Charge (Chrono Boost)  
  79  5:40  Probe (Chrono Boost)  
  79  5:42  Extended Thermal Lance  
  81  5:43  Probe (Chrono Boost)  
  83  5:51  Probe (Chrono Boost), Sentry  
  83  5:53  Probe (Chrono Boost)  
  83  5:54  Gateway  
  87  5:57  Probe (Chrono Boost)  
  87  6:01  Probe x2 (Chrono Boost)  
  89  6:05  Gateway  
  89  6:08  Colossus (Chrono Boost)  
  95  6:11  Probe  
  95  6:13  Probe  
  95  6:15  Gateway  
  95  6:16  Gateway  
  97  6:20  Gateway  
  97  6:24  Probe  
  97  6:25  Shield Battery  
  98  6:27  Zealot, Sentry  
  102  6:36  Shield Battery  
  102  6:38  Zealot  
  102  6:40  Probe  
  102  6:42  Probe, Shield Battery  
  102  6:44  Phoenix  
  106  6:52  Stalker  
  106  6:53  Stalker  
  108  6:56  Pylon  
  108  6:58  Pylon  
  108  6:59  Pylon  
  106  7:09  Pylon  
  106  7:11  Pylon  
  106  7:13  Zealot  
  106  7:14  Pylon  
  112  7:19  Zealot x3  
  110  7:24  Zealot x2  
  110  7:25  Zealot x2  
  110  7:27  Probe, Pylon  
  117  7:32  Probe  
  117  7:35  Probe  
  118  7:37  Zealot  
  118  7:40  Nexus  
  118  7:46  Zealot x2  
  116  7:52  Robotics Facility  
  116  7:53  Zealot  
  116  7:54  Zealot  
  108  8:03  Zealot, Stalker x3  
  98  8:12  Zealot, Robotics Facility  
  92  8:13  Zealot  
  92  8:19  Phoenix (Chrono Boost)  
  89  8:21  Probe x2  
  89  8:23  Probe  
  94  8:33  Probe, Shield Battery  
  94  8:34  Probe  
  96  8:36  Pylon  
  96  8:38  Probe  
  96  8:40  Forge, Colossus  
  97  8:43  Forge  
  97  8:46  Probe x2 (Chrono Boost)  
  97  8:50  Probe (Chrono Boost)  
  97  8:52  Probe (Chrono Boost)  
  105  8:58  Probe x2 (Chrono Boost)  
  109  9:03  Probe (Chrono Boost)  
  109  9:04  Probe (Chrono Boost)  
  109  9:07  Probe x2 (Chrono Boost)  
  117  9:10  Probe (Chrono Boost)  
  118  9:20  Sentry  
  118  9:21  Pylon, Shield Battery  
  118  9:22  Zealot  
  118  9:23  Zealot  
  124  9:30  Zealot x2  
  124  9:31  Zealot  
  126  9:37  Zealot x2  
Show
View Real Time Build Order
Export as new Build Order

Oliveira Terran - Winner!

Build Orders: Reaper Expand 

Get SALT Encoding   

  12  0:00  SCV  
  13  0:12  SCV  
  14  0:17  Supply Depot  
  14  0:24  SCV  
  15  0:39  SCV  
  15  0:40  Barracks  
  16  0:44  Refinery  
  16  0:51  SCV  
  17  1:03  SCV  
  18  1:15  SCV  
  19  1:27  Reaper  
  19  1:28  Orbital Command  
  20  1:41  Command Center  
  20  1:51  Supply Depot  
  20  1:53  SCV  
  21  2:00  Barracks Reactor  
  21  2:05  SCV  
  22  2:18  SCV  
  22  2:21  Bunker  
  23  2:28  Command Center  
  23  2:31  SCV  
  24  2:37  Marine x2  
  24  2:43  SCV  
  27  2:47  Barracks  
  27  2:55  Orbital Command  
  27  2:58  SCV  
  28  3:01  Marine  
  28  3:02  Marine  
  30  3:10  SCV  
  31  3:13  Engineering Bay  
  31  3:21  SCV, Marine x2  
  31  3:22  SCV  
  35  3:33  SCV  
  37  3:34  SCV  
  37  3:35  Barracks Tech Lab  
  37  3:38  Missile Turret  
  37  3:39  Marine x2  
  37  3:40  Terran Infantry Weapons Level 1  
  39  3:44  Orbital Command  
  39  3:47  SCV  
  40  3:53  SCV  
  40  3:54  Stimpack, Marine  
  42  3:59  SCV  
  42  4:01  Barracks  
  43  4:04  Marine x2  
  43  4:05  SCV  
  46  4:10  Factory  
  46  4:11  SCV  
  46  4:12  SCV  
  46  4:13  Marine  
  48  4:17  SCV  
  48  4:20  Supply Depot  
  48  4:23  SCV  
  48  4:24  SCV  
  51  4:26  Refinery  
  51  4:29  Marine, SCV  
  51  4:30  Marine  
  54  4:34  Marine  
  54  4:35  SCV  
  54  4:36  SCV  
  57  4:41  SCV  
  57  4:44  Supply Depot  
  58  4:46  Marine  
  58  4:48  SCV x2, Refinery, Marine  
  58  4:50  Barracks Tech Lab  
  58  4:52  Marine  
  63  4:57  Starport  
  63  4:58  Factory Reactor  
  63  4:59  Barracks  
  63  5:00  SCV  
  63  5:01  Barracks  
  63  5:04  SCV, Marine  
  63  5:06  Marine, Supply Depot  
  66  5:09  Marine  
  66  5:10  Marine  
  66  5:15  SCV, Combat Shield  
  66  5:17  SCV  
  67  5:22  Marine  
  67  5:23  Orbital Command, Refinery  
  67  5:24  Marine  
  67  5:27  Marine, SCV  
  71  5:29  Supply Depot  
  71  5:30  SCV  
  71  5:31  Marine  
  71  5:34  Missile Turret  
  73  5:39  SCV  
  73  5:41  Factory Reactor  
  73  5:42  SCV, Marine x2  
  77  5:45  Medivac  
  77  5:48  Medivac  
  77  5:49  SCV  
  82  5:51  SCV  
  82  5:53  Barracks Reactor  
  82  5:54  SCV  
  82  5:56  Marine x2, Supply Depot x2  
  86  5:57  Barracks Tech Lab  
  86  6:01  SCV  
  86  6:02  Missile Turret  
  86  6:03  SCV  
  88  6:06  SCV, Marine, Terran Infantry Armor Level 1  
  88  6:09  Marine  
  90  6:13  SCV  
  90  6:15  Marauder  
  90  6:17  SCV  
  90  6:18  SCV  
  95  6:19  Supply Depot x2  
  95  6:21  Marauder  
  95  6:23  Marauder  
  95  6:24  Marine  
  100  6:26  SCV  
  100  6:29  Medivac x2  
  107  6:33  Widow Mine  
  107  6:36  Widow Mine  
  107  6:43  Marine x2, Marauder  
  107  6:44  Marine x2  
  107  6:45  Marauder, SCV x2  
  117  6:48  Supply Depot  
  117  6:53  SCV  
  118  6:55  Supply Depot  
  118  6:57  SCV  
  119  7:01  Viking x2  
  119  7:02  SCV  
  119  7:08  Refinery  
  124  7:09  SCV, Refinery  
  124  7:10  Marauder x2  
  124  7:12  Starport  
  122  7:25  Marauder, Marine  
  122  7:26  Marine  
  122  7:28  Marine  
  122  7:29  SCV  
  122  7:31  Marauder  
  122  7:33  SCV, Ghost Academy  
  123  7:38  Viking  
  123  7:41  Marine, Marauder  
  123  7:42  SCV  
  123  7:43  Marine  
  127  7:46  Marauder  
  127  7:49  SCV  
  127  7:50  Marine  
  127  7:51  Marine  
  130  7:52  Supply Depot  
  130  7:53  Supply Depot  
  130  7:54  Viking  
  125  7:59  Marine  
  125  8:01  Command Center  
  125  8:03  Marine  
  125  8:05  Viking  
  120  8:07  SCV x2  
  120  8:10  Ghost x2  
  120  8:12  Viking  
  124  8:17  Marine, Viking  
  124  8:19  SCV  
  128  8:20  SCV x2  
  128  8:23  Marine, Ghost  
  128  8:24  Marine  
  128  8:25  Marine  
  135  8:29  Supply Depot  
  135  8:30  Viking  
  135  8:33  SCV x2  
  139  8:34  SCV, Supply Depot  
  139  8:39  Marine  
  139  8:40  Sensor Tower  
  141  8:41  Medivac  
  141  8:42  Ghost  
  141  8:44  Marine x2, Marauder  
  141  8:47  SCV  
  150  8:52  Liberator  
  150  8:55  SCV  
  154  8:58  Marauder, Marine x2  
  154  8:59  Engineering Bay, Armory  
  154  9:02  SCV, Marine  
  159  9:05  Marauder, Medivac  
  159  9:06  SCV  
  159  9:07  SCV  
  166  9:10  Marine  
  166  9:18  Marine x2, Marauder  
  169  9:25  Barracks  
  169  9:26  Barracks  
  169  9:27  Barracks  
Tags
 
Add a new tag
Caveats
  • Supply blocks, unpowered buildings, or Contaminate may cause inaccurate times.
  • Supply counts are checked every 10 seconds.